 Dungeon Crawl Stone Soup version 0.19.1 (console) character file.

6723 Sierpinski the Cruncher (level 10, -30/84 HPs)
             Began as a Demigod Wanderer on Dec 1, 2016.
             Annihilated by usscaptain's ghost (35 damage)
             ... on level 10 of the Dungeon.
             The game lasted 00:20:13 (14332 turns).

Sierpinski the Cruncher (Demigod Wanderer)         Turns: 14332, Time: 00:20:13

Health: -30/84     AC: 13    Str: 15    XL:     10   Next: 46%
Magic:  15/15      EV: 18    Int: 16    God:
Gold:   744        SH:  0    Dex: 21    Spells: 0 memorised, 9 levels left

rFire  . . .     SeeInvis .     x - +1 quarterstaff
rCold  + . .     Gourm    .     F - +5 steam dragon scales
rNeg   . . .     Faith    .     (shield currently unavailable)
rPois  .         Spirit   .     (no helmet)
rElec  .         Reflect  .     (no cloak)
rCorr  .         Harm     .     (no gloves)
MR     +....                    u - +1 pair of boots
Stlth  ++........               (no amulet)
                                a - +3 ring of slaying
                                r - ring of protection from cold

@: no status effects
A: high mp 1
a: no special abilities


You were on level 10 of the Dungeon.
You were hungry.

You visited 1 branch of the dungeon, and saw 10 of its levels.

You collected 744 gold pieces.

Inventory:

Hand Weapons
 x - a +1 quarterstaff (weapon)
Armour
 u - a +1 pair of boots (worn)
 F - +5 steam dragon scales (worn)
Jewellery
 a - a +3 ring of slaying (right hand)
 o - an uncursed ring of ice
 q - an uncursed ring of fire
 r - a ring of protection from cold (left hand)
 A - a +4 ring of intelligence
Wands
 m - a wand of polymorph (0/24)
 s - a wand of disintegration (18/24)
 v - a wand of lightning (6/15)
Scrolls
 b - a scroll of fear
 e - 4 scrolls of teleportation
 j - a scroll of enchant armour
 k - 3 scrolls of remove curse
 l - a scroll of magic mapping
 p - 2 scrolls of identify
Potions
 d - 3 potions of might {unknown}
 h - 9 potions of curing
 n - a potion of mutation {unknown}
 w - 2 potions of agility
 z - a potion of flight
 C - 2 potions of heal wounds
 D - 2 potions of brilliance
 E - 2 potions of haste {unknown}
Books
 y - a book of Air

   Spells                             Type                      Level
   a - Shock                          Conjuration/Air              1
   b - Swiftness                      Charms/Air                   2
   c - Repel Missiles                 Charms/Air                   2
   d - Static Discharge               Conjuration/Air              3
   e - Lightning Bolt                 Conjuration/Air              5
Comestibles
 f - 2 bread rations
 g - 5 fruits
 B - 3 slices of pizza


   Skills:
 + Level 6.8 Fighting
   Level 3.6 Short Blades
 + Level 9.9 Staves
 - Level 1.0 Throwing
 - Level 5.0 Armour
 - Level 7.0 Dodging
 - Level 1.7 Stealth
 - Level 3.0 Evocations


You had 9 spell levels left.
You didn't know any spells.

Dungeon Overview and Level Annotations

Branches:
Dungeon (10/15)            Temple (0/1) D:6            Lair (0/6) D:10
    Orc: D:9-12

Annotations:
D:8 JeffiDaFish's ghost, novice GrFi
D:10 usscaptain's ghost, novice OgBe


Innate Abilities, Weirdness & Mutations

You have an increased reservoir of magic. (+10% MP)


Message History

The orc priest invokes the aid of Beogh against you.
Beogh smites you!
* * * LOW HITPOINT WARNING * * *
There is an open door here.
There is an open door here.
The orc priest looks encouraged for a moment.
The orc priest mumbles some strange prayers to Beogh against you.
Beogh smites you!
* * * LOW HITPOINT WARNING * * *
There is an open door here.
There is an open door here.
Usscaptain's ghost ripples.
There is an open door here.
There is an open door here.
You see here a scroll of noise.
The orc priest invokes the aid of Beogh against you.
Beogh smites you!
* * * LOW HITPOINT WARNING * * *
Usscaptain's ghost hits you!!
You die...

## ###'##### #........# #
#...# ####'##### # #.###
#...# ##.##### #.### ##
#......# ##'#### .####
#......# #<....# .'..#
#......##### #.....#
.##.###....?...W.## #.....#
.##..##>.....###@.###.....#
.###.##......# ##...+.....#
.# #....o....# #####.....#
.# ####......# #.....# ##
######## #######


You could see usscaptain's ghost.

Vanquished Creatures
  Erica (D:8)
  The ghost of anubisbafoobis the Sneak, a novice OpIE of Vehumet (D:6)
  Joseph (D:8)
  A troll (D:9)
  A hippogriff (D:7)
  2 steam dragons (D:9)
  Menkaure (D:6)
  2 water moccasins
  2 orc warriors (D:6)
  2 sky beasts
  An ice beast (D:3)
  3 phantoms
  5 centaurs
  9 ogres
  A big kobold (D:7)
  7 bullfrogs
  A wyvern skeleton (D:7)
  6 killer bees (D:8)
  3 scorpions
  3 wights (D:9)
  An electric eel (D:9)
  3 howler monkeys (D:9)
  4 crimson imps
  A bullfrog zombie (D:9)
  3 hounds
  A quasit (D:5)
  2 orc priests
  3 jellies
  A bullfrog skeleton (D:9)
  4 iguanas
  9 orc wizards
  7 worker ants
  A killer bee zombie (D:5)
  A howler monkey zombie (D:7)
  7 adders
  3 gnolls (D:5)
  A river rat (D:10)
  2 shadow imps
  An ooze (D:2)
  An adder skeleton (D:9)
  2 worms (D:2)
  2 dart slugs
  8 leopard geckos
  29 orcs
  5 bats
  6 giant cockroaches
  8 goblins
  5 hobgoblins
  12 jackals
  10 kobolds
  8 quokkas
  A ball python (D:3)
  5 frilled lizards
  3 leopard gecko skeletons
  7 rats
220 creatures vanquished.

Vanquished Creatures (others)
  18 fungi (D:10)
  6 plants (D:10)
24 creatures vanquished.

Grand Total: 244 creatures vanquished

Notes
Turn   | Place    | Note
-------+----------+-------------------------------------------
     0 | D:1      | Sierpinski the Demigod Wanderer began the quest for the Orb.
     0 | D:1      | Sierpinski set off with: a +2 dagger, a scroll of fear, a potion of lignification, a +0 short sword, a +0 robe, a bread ration
     0 | D:1      | Reached XP level 1. HP: 16/16 MP: 3/3
    62 | D:1      | Noticed a bullfrog
   248 | D:1      | Reached XP level 2. HP: 21/24 MP: 4/4
  1110 | D:2      | Reached XP level 3. HP: 30/30 MP: 5/5
  1473 | D:2      | Reached XP level 4. HP: 34/39 MP: 6/6
  1641 | D:2      | Reached skill level 1 in Armour
  2447 | D:3      | Reached XP level 5. HP: 32/46 MP: 8/8
  2592 | D:3      | Noticed an ice beast
  2600 | D:3      | Killed an ice beast
  2600 | D:3      | Reached skill level 1 in Staves
  2600 | D:3      | Reached skill level 1 in Evocations
  2704 | D:4      | Noticed an ogre
  2710 | D:4      | Killed an ogre
  2710 | D:4      | Reached XP level 6. HP: 42/52 MP: 8/10
  2787 | D:4      | Reached skill level 2 in Staves
  4467 | D:5      | Entered Level 5 of the Dungeon
  4481 | D:5      | Reached skill level 3 in Staves
  4481 | D:5      | Reached XP level 7. HP: 49/59 MP: 12/12
  5133 | D:5      | Found a sparkling altar of Nemelex Xobeh.
  5156 | D:5      | Reached skill level 4 in Staves
  5163 | D:5      | HP: 1/88 [centaur (5)]
  5533 | D:5      | Reached skill level 5 in Armour
  5580 | D:5      | Reached XP level 8. HP: 51/66 MP: 13/13
  6092 | D:5      | Reached skill level 5 in Staves
  6769 | D:6      | Reached skill level 6 in Staves
  7171 | D:6      | Found a staircase to the Ecumenical Temple.
  7397 | D:6      | Found a shattered altar of Ashenzari.
  7471 | D:6      | Found a deep blue altar of Sif Muna.
  7539 | D:6      | Noticed Menkaure
  7544 | D:6      | Noticed anubisbafoobis's ghost (novice OpIE)
  7546 | D:6      | Killed Menkaure
  7546 | D:6      | Reached skill level 5 in Dodging
  7856 | D:6      | Killed anubisbafoobis's ghost
  7856 | D:6      | Reached skill level 7 in Staves
  7856 | D:6      | Reached XP level 9. HP: 65/71 MP: 14/14
  8060 | D:7      | Found a shimmering altar of Xom.
  8062 | D:7      | Found a basalt altar of Yredelemnul.
  8063 | D:7      | Found a glowing silver altar of Zin.
  8063 | D:7      | Found an iron altar of Okawaru.
  8065 | D:7      | Found a snail-covered altar of Cheibriados.
  8065 | D:7      | Found an ancient bone altar of Kikubaaqudgha.
  8066 | D:7      | Found a blossoming altar of Fedhas.
  8844 | D:7      | Reached skill level 8 in Staves
  9738 | D:8      | Noticed JeffiDaFish's ghost (novice GrFi)
 10447 | D:8      | Noticed Erica
 10459 | D:8      | Killed Erica
 10900 | D:8      | Noticed Joseph
 10925 | D:8      | Killed Joseph
 10925 | D:8      | Reached skill level 5 in Fighting
 10925 | D:8      | Reached XP level 10. HP: 79/81 MP: 15/15
 11419 | D:9      | HP: 3/81 [electric eel/bolt of electricity (8)]
 11644 | D:9      | Reached skill level 9 in Staves
 13710 | D:9      | HP: 2/84 [steam dragon] (7)]
 14163 | D:10     | Entered Level 10 of the Dungeon
 14271 | D:10     | Noticed usscaptain's ghost (novice OgBe)
 14272 | D:10     | Found a staircase to the Lair.
 14291 | D:10     | Noticed a hill giant
 14332 | D:10     | Annihilated by usscaptain's ghost

Skill      XL: |  1  2  3  4  5  6  7  8  9 10 |
---------------+-------------------------------+-----
Fighting       | 2 3 4 5 6 |  6.8
Armour         | 1 2 3 5 |  5.0
Staves         | 1 3 4 7 8 9 |  9.9
Evocations     | 2 3 |  3.0
Dodging        | 2 5 7 |  7.0
Short Blades   | |  3.6
Throwing       | |  1.0
Stealth        | |  1.7

Action                   |  1- 3 |  4- 6 |  7- 9 | 10-12 || total
-------------------------+-------+-------+-------+-------++-------
Melee: Dagger            |   159 |   105 |       |       ||   264
       Quarterstaff      |       |    88 |   499 |   285 ||   872
       Trident           |       |     2 |       |       ||     2
Evoke: Wand              |       |     2 |     1 |     5 ||     8
  Use: Scroll            |       |     8 |     7 |     8 ||    23
       Potion            |       |       |     3 |     2 ||     5
 Stab: Sleeping          |       |       |       |     1 ||     1
  Eat: Chunk             |     2 |     6 |    14 |     9 ||    31
       Bread ration      |       |     1 |       |       ||     1
       Beef jerky        |       |       |     1 |       ||     1
       Meat ration       |       |       |     1 |       ||     1
       Fruit             |       |       |       |     1 ||     1
Armor: Robe              |     8 |       |       |       ||     8
       Scale mail        |    46 |   100 |   185 |    70 ||   401
       Skin              |       |       |    33 |       ||    33
       Steam dragon scal |       |       |       |     4 ||     4
Dodge: Dodged            |    66 |    97 |   271 |   209 ||   643
